 Dungeon Crawl Stone Soup version 0.23-b1 (webtiles) character file.

Game seed: 13179594383789767451

58 JleHuBbluKoT the Conjurer (level 4, -2/24 HPs)
             Began as a Kobold Conjurer on Jan 31, 2019.
             Slain by a worm (9 damage)
             ... on level 4 of the Dungeon.
             The game lasted 00:38:04 (2351 turns).

JleHuBbluKoT the Conjurer (Kobold Conjurer)         Turns: 2351, Time: 00:38:04

Health: -2/24      AC:  2    Str:  5    XL:     4   Next: 20%
Magic:  4/7        EV: 15    Int: 17    God:
Gold:   141        SH:  0    Dex: 15    Spells: 6/7 levels left

rFire    . . .     SeeInvis .   r - +0 short sword
rCold    . . .     Gourm    +   (shield restricted)
rNeg     . . .     Faith    .   a - +0 robe
rPois    .         Spirit   .   (no helmet)
rElec    .         Reflect  .   (no cloak)
rCorr    .         Harm     .   (no gloves)
MR       .....                  (no boots)
Stlth    ++........             C - amulet of the gourmand
HPRegen  0.08/turn              (no ring)
MPRegen  0.10/turn              (no ring)

@: no status effects
A: small, carnivore
a: no special abilities


You were on level 4 of the Dungeon.
You were very hungry.

You visited 1 branch of the dungeon, and saw 4 of its levels.

You collected 141 gold pieces.

Inventory:

Hand Weapons
 g - a +0 dagger
 m - a cursed -3 hand axe
 n - a +0 club
 r - a +0 short sword (weapon)
 u - a +0 whip
 z - a +0 war axe
 B - a +0 trident
 D - a +2 mace of crushing
Missiles
 d - 24 bolts
 o - 24 arrows
Armour
 a - a +0 robe (worn)
 e - a +0 pair of gloves
 f - a +0 pair of gloves
 h - a +0 ring mail
 p - a +0 large shield
 q - a +0 robe
 s - a +2 hat
 v - a +0 ring mail
 w - a +0 ring mail
Jewellery
 C - an amulet of the gourmand (around neck)
 F - a cursed ring of teleportation {unknown}
 G - an uncursed amulet of faith {unknown}
Scrolls
 b - a scroll of identify
 l - a scroll of blinking {unknown}
 t - a scroll of remove curse {unknown}
 y - a scroll of immolation {unknown}
 A - a scroll of amnesia {unknown}
 H - a scroll of random uselessness {unknown}
Potions
 i - 2 potions of mutation {unknown}
 j - 3 potions of curing {unknown}
 k - 3 potions of heal wounds {unknown}
 x - a potion of magic {unknown}
 E - a potion of agility {unknown}
Comestibles
 c - 2 rations


   Skills:
 - Level 0.1 Short Blades
 + Level 0.1(0.3) Axes
 + Level 0.2(0.3) Maces & Flails
 + Level 0.1(0.2) Polearms
 + Level 0.1 Armour
 - Level 2.5 Dodging
 - Level 3.1 Stealth
 - Level 0.8 Unarmed Combat
 - Level 2.1 Spellcasting
 - Level 5.0 Conjurations


You had 6 spell levels left.
You knew the following spells:

 Your Spells              Type           Power        Failure   Level  Hunger
a - Magic Dart            Conj           ###.         2%          1    #......

Your spell library contained the following spells:

 Spells                   Type           Power        Failure   Level  Hunger
 Searing Ray              Conj           ###...       3%          2    ###....
 Dazzling Spray           Conj/Hex       ##....       21%         3    ###....
 Iskenderun's Mystic Bla  Conj           ###.....     24%         4    #####..
 Force Lance              Conj/Tloc      ##......     56%         4    #####..
 Fulminant Prism          Conj/Hex       ##........   56%         4    #####..


Dungeon Overview and Level Annotations

Branches:
Dungeon (4/15)
 Temple: D:4-7

Altars:
Wu Jian
Yredelemnul
The Shining One


Innate Abilities, Weirdness & Mutations

You are small and have problems with some larger weapons.
You are carnivorous and can eat meat at any time.


Message History

The magic dart hits the worm.
The worm is lightly wounded.
The worm bites you.
* * * LOW HITPOINT WARNING * * *
Casting: Magic Dart (safe; 2% risk of failure)
Confirm with . or Enter, or press ? or * to list all spells.
Aiming: Magic Dart (safe; 2% risk of failure)
Press: ? - help, Shift-Dir - straight line, f/p - worm
Aim: a worm (lightly wounded)
The magic dart hits the worm.
The worm is moderately wounded.
Casting: Magic Dart (safe; 2% risk of failure)
Confirm with . or Enter, or press ? or * to list all spells.
Aiming: Magic Dart (safe; 2% risk of failure)
Press: ? - help, Shift-Dir - straight line, f/p - worm
Aim: a worm (moderately wounded)
The magic dart hits the worm.
The worm is heavily wounded.
The worm bites you!
You die...

#.#.# #.#.#
#.#w# #.#.#
#.#.# #.#.#
########.#.#
...........#
#######@w..#
#.........#
#.###...#.#
# #.#...#[#
#...#.#.#
#.......#
##.#####.###
#........#
##########


You could see a worm.

Vanquished Creatures
  An adder (D:4)
  A dart slug (D:1)
  3 leopard geckos
  3 orcs (D:3)
  A ball python (D:2)
  5 bats
  2 giant cockroaches (D:1)
  5 goblins
  5 hobgoblins
  3 jackals (D:3)
  4 kobolds
  4 rats
37 creatures vanquished.

Notes
Turn   | Place    | Note
-------+----------+-------------------------------------------
     0 | D:1      | JleHuBbluKoT the Kobold Conjurer began the quest for the
                  | Orb.
     0 | D:1      | Reached XP level 1. HP: 10/10 MP: 3/3
     2 | D:1      | Noticed a centaur
     2 | D:1      | Noticed a vampire
     4 | D:1      | Noticed a halfling
     4 | D:1      | Noticed a demigod
     6 | D:1      | Noticed a draconian
     6 | D:1      | Noticed a merfolk
     8 | D:1      | Noticed a vine stalker
     8 | D:1      | Noticed an octopode
    10 | D:1      | Noticed a dwarf
    10 | D:1      | Noticed a gargoyle
    12 | D:1      | Noticed a tengu
    12 | D:1      | Noticed a spriggan
    14 | D:1      | Noticed a minotaur
    16 | D:1      | Noticed a felid
    16 | D:1      | Noticed a ghoul
    18 | D:1      | Noticed a troll
    20 | D:1      | Noticed a naga
    20 | D:1      | Noticed an ogre
    22 | D:1      | Noticed a demonspawn
    24 | D:1      | Noticed a human
    26 | D:1      | Noticed a formicid
    26 | D:1      | Noticed an elf
   549 | D:1      | Reached XP level 2. HP: 15/15 MP: 0/5
   854 | D:2      | Reached XP level 3. HP: 19/19 MP: 4/6
   906 | D:2      | Found a basalt altar of Yredelemnul.
  1190 | D:2      | Found an ornate altar of the Wu Jian Council.
  1447 | D:2      | Found a glowing golden altar of the Shining One.
  1931 | D:3      | Reached skill level 5 in Conjurations
  1947 | D:3      | Reached XP level 4. HP: 24/24 MP: 0/7
  2351 | D:4      | Slain by a worm

Skill      XL: |  1  2  3 |
---------------+----------+-----
Stealth        | 3 |  3.1
Conjurations   | 5 |  5.0
Short Blades   | |  0.1
Axes           | |  0.1
Maces & Flails | |  0.2
Polearms       | |  0.1
Armour         | |  0.1
Dodging        | |  2.5
Unarmed Combat | |  0.8
Spellcasting   | |  2.1

Action                   |  1- 3 |  4- 6 || total
-------------------------+-------+-------++-------
Melee: Unarmed           |    14 |       ||    14
       Dagger            |    39 |       ||    39
       Short sword       |     8 |     4 ||    12
 Cast: Magic Dart        |    57 |    11 ||    68
  Use: Scroll            |     1 |       ||     1
 Stab: Sleeping          |     1 |       ||     1
  Eat: Chunk             |     2 |       ||     2
       Ration            |     1 |       ||     1
Armor: Robe              |    12 |     1 ||    13
Dodge: Dodged            |    45 |     6 ||    51
